 Dungeon Crawl Stone Soup version 0.21.1-1-g345015f (webtiles) character file.

351 Fang the Chopper (level 6, -1/58 HPs)
             Began as a Gargoyle Berserker on May 9, 2018.
             Was a Believer of Trog.
             Shot with an arrow by a centaur (11 damage)
             ... on level 6 of the Dungeon.
             The game lasted 00:03:42 (2542 turns).

Fang the Chopper (Gargoyle Berserker)               Turns: 2542, Time: 00:03:43

Health: -1/58      AC:  8    Str: 28    XL:     6   Next: 61%
Magic:  6/6        EV: 13    Int:  7    God:    Trog [**....]
Gold:   90         SH:  0    Dex: 13    Spells: 5/5 levels left

rFire    . . .     SeeInvis .   a - +0 hand axe
rCold    . . .     Gourm    .   (no shield)
rNeg     + . .     Faith    .   b - +0 animal skin
rPois    ∞         Spirit   .   k - +2 hat
rElec    +         Reflect  .   (no cloak)
rCorr    .         Harm     .   (no gloves)
MR       .....                  (no boots)
Stlth    ..........             (no amulet)
HPRegen  0.19/turn              m - +4 ring of dexterity
MPRegen  0.10/turn              (no ring)

@: berserking (expiring), very quick
A: negative energy resistance 1, electricity resistance, unbreathing,
petrification resistance, rot immunity, AC +4
a: Berserk, Trog's Hand, Burn Spellbooks, Renounce Religion


You were on level 6 of the Dungeon.
You worshipped Trog.
Trog was pleased with you.
You were very hungry.

You visited 1 branch of the dungeon, and saw 4 of its levels.

You collected 90 gold pieces.

Inventory:

Hand Weapons
 a - a +0 hand axe (weapon)
Armour
 b - a +0 animal skin (worn)
 k - a +2 hat (worn)
Jewellery
 m - a +4 ring of dexterity (left hand)
 n - an uncursed ring of ice {unknown}
Scrolls
 e - a scroll of random uselessness {unknown}
 f - 2 scrolls of teleportation {unknown}
 g - 2 scrolls of remove curse {unknown}
 h - a scroll of magic mapping {unknown}
 i - 6 scrolls of identify {unknown}
 l - 2 scrolls of immolation {unknown}
 r - a scroll of blinking {unknown}
Potions
 d - a potion of heal wounds {unknown}
 j - 2 potions of mutation {unknown}
 o - a potion of berserk rage {unknown}
 p - 2 potions of lignification {unknown}
 q - a potion of brilliance {unknown}
Comestibles
 c - 10 rations


   Skills:
 + Level 4.5 Fighting
 + Level 4.9 Axes
 + Level 2.4 Armour
 + Level 3.0 Dodging
 + Level 1.4 Stealth


You had 5 spell levels left.
You didn't know any spells.

Dungeon Overview and Level Annotations

Branches:
Dungeon (3/15)             Temple (0/1) D:6

Altars:
Dithmenos
Nemelex Xobeh
Sif Muna


Innate Abilities, Weirdness & Mutations

You are resistant to torment.
Your stone body is resilient. (AC +4)
You are immune to poison.
You resist negative energy. (rN+)
You are resistant to electric shocks. (rElec)
You can survive without breathing.
You are immune to petrification.
You are immune to rotting.


Message History

The ogre is heavily wounded.
Unknown command.
You slash the ogre!
The ogre is severely wounded.
The ogre barely misses you.
Unknown command.
You barely miss the ogre.
The ogre is severely wounded.
The ogre hits you with a giant club!
* * * LOW HITPOINT WARNING * * *
Unknown command.
You hit the ogre.
The ogre is almost dead.
Unknown command.
You slash the ogre!
You kill the ogre!
Trog accepts your kill.
Your Dodging skill increases to level 3!
The centaur shoots an arrow.
The arrow hits you!
You die...

#.#.[....#.##.[###..#
#.#.##.#.#.##.#...#.####
#......#.#.##.##.......#
###...##.#.##.##..#.##.#
###.##...##.##..#.# #
#.#######.......#
#.##.....###..###
#.##.....###..###
###.##....c)@(....#
#...##.....######.#
#.####?.... .# #.#
###### # #.# #.#
#.######## #^<......####
#####.......#####.#


You could see a centaur.

Vanquished Creatures
  An ogre (D:6)
  Jessica (D:2)
  Natasha (thrice) (D:3)
  2 worker ants
  5 adders
  An ooze (D:1)
  2 worms (D:3)
  2 leopard geckos (D:2)
  5 orcs (D:3)
  4 giant cockroaches
  9 goblins
  8 hobgoblins
  2 jackals (D:2)
  2 quokkas (D:2)
  A ball python (D:2)
  4 bats
  6 frilled lizards
  2 kobolds (D:1)
  7 rats
67 creatures vanquished.

Notes
Turn   | Place    | Note
-------+----------+-------------------------------------------
     0 | D:1      | Fang the Gargoyle Berserker began the quest for the Orb.
     0 | D:1      | Reached XP level 1. HP: 14/14 MP: 1/1
   103 | D:1      | Reached XP level 2. HP: 13/19 MP: 2/2
   563 | D:2      | Reached XP level 3. HP: 17/24 MP: 3/3
   702 | D:2      | Noticed Jessica
   713 | D:2      | Killed Jessica
   713 | D:2      | Reached XP level 4. HP: 28/29 MP: 4/4
   759 | D:2      | Reached ** piety under Trog
  1094 | D:2      | Found a shadowy altar of Dithmenos.
  1252 | D:2      | Reached XP level 5. HP: 31/33 MP: 5/5
  1346 | D:2      | Found a sparkling altar of Nemelex Xobeh.
  1604 | D:3      | Noticed Natasha
  1617 | D:3      | Killed Natasha
  1617 | D:3      | Reached skill level 1 in Stealth
  1891 | D:3      | Noticed Natasha
  1908 | D:3      | Killed Natasha
  2153 | D:3      | Noticed Natasha
  2178 | D:3      | Killed Natasha
  2178 | D:3      | Reached XP level 6. HP: 22/38 MP: 6/6
  2266 | D:3      | Found a deep blue altar of Sif Muna.
  2442 | D:3      | You fall through a shaft for 3 floors!
  2446 | D:6      | Found a staircase to the Ecumenical Temple.
  2542 | D:6      | Shot with an arrow by a centaur

Skill      XL: |  1  2  3  4  5  6 |
---------------+-------------------+-----
Dodging        | 2 3 |  3.0
Axes           | 3 4 |  4.9
Fighting       | 4 |  4.5
Stealth        | 1 |  1.4
Armour         | |  2.4

Action                   |  1- 3 |  4- 6 || total
-------------------------+-------+-------++-------
Melee: Hand axe          |    76 |   189 ||   265
Invok: Berserk           |       |     1 ||     1
 Stab: Sleeping          |     1 |     3 ||     4
  Eat: Chunk             |       |     5 ||     5
Armor: Animal skin       |    26 |    76 ||   102
Dodge: Dodged            |    45 |   128 ||   173
